 Dungeon Crawl Stone Soup version 0.16.2-12-gd0ad4c3 (webtiles) character file.

2695 magipi the Cleaver (level 9, -2/75 HPs)
             Began as a Ghoul Gladiator on Oct 11, 2015.
             Was an Elder of Makhleb.
             Killed from afar by an orc wizard (4 damage)
             ... with a magic dart
             ... on level 9 of the Dungeon.
             The game lasted 00:34:29 (4454 turns).

magipi the Cleaver (Ghoul Gladiator)                Turns: 4454, Time: 00:34:29

Health: -2/75      AC: 12    Str: 19    XL:     9   Next: 65%
Magic:  0/14       EV: 11    Int:  4    God:    Makhleb [****..]
Gold:   116        SH:  0    Dex: 18    Spells: 0 memorised, 8 levels left

rFire  . . .     SeeInvis .     a - +0 war axe (chop)
rCold  + + .     Clarity  .     j - +0 plate armour
rNeg   + + +     SustAb   .     (no shield)
rPois  ∞         Gourm    .     c - +0 helmet
rElec  .         Spirit   +     (no cloak)
rCorr  .         Warding  .     i - +0 pair of gloves
rMut   .         Stasis   .     (no boots)
MR     +....                    h - amulet of guardian spirit
Stlth  ..........               (no ring)
                                A - ring "Xim Mywe" {rC+ MR+ Dex+2}

@: agile, about to teleport, very slightly contaminated, rotting, somewhat
resistant to hostile enchantments, extremely unstealthy
A: rotting body, claws 1, carnivore 3, cold resistance 1, negative energy
resistance 3, poison resistance, slow healing 1, torment resistance, unbreathing
a: Minor Destruction, Lesser Servant of Makhleb, Major Destruction, Renounce
Religion


You were on level 9 of the Dungeon.
You worshipped Makhleb.
Makhleb was greatly pleased with you.
You were not hungry.

You visited 2 branches of the dungeon, and saw 10 of its levels.

You collected 224 gold pieces.
You spent 108 gold pieces at shops.

Inventory:

Hand weapons
 a - a +0 war axe of chopping (weapon)
Missiles
 m - 12 poisoned needles
Armour
 c - a +0 helmet (worn)
 i - a +0 pair of gloves (worn)
 j - a +0 plate armour (worn)
Jewellery
 h - an amulet of guardian spirit (around neck)
 k - an uncursed amulet of warding
 A - the ring "Xim Mywe" (left hand) {rC+ MR+ Dex+2}
   (You found it on level 8 of the Dungeon)

   [ring of protection from magic]

   It affects your dexterity (+2).
   It protects you from cold.
   It affects your resistance to hostile enchantments.
Scrolls
 f - a scroll of identify
 l - 2 scrolls of remove curse
 n - a scroll of teleportation
 p - 2 scrolls of blinking {unknown}
 s - a scroll of immolation {unknown}
 t - a scroll of fog {unknown}
 u - a scroll of recharging
 C - a scroll of magic mapping {unknown}
Potions
 o - a potion of brilliance
 v - 2 potions of curing
 z - a potion of cancellation
 B - a potion of ambrosia
 D - 2 potions of heal wounds {unknown}
Books
 q - a book of Necromancy

   Spells                             Type                      Level
   a - Pain                           Necromancy                   1
   b - Animate Skeleton               Necromancy                   1
   c - Vampiric Draining              Necromancy                   3
   d - Regeneration                   Charms/Necromancy            3
   e - Animate Dead                   Necromancy                   4
   f - Control Undead                 Necromancy                   4
Comestibles
 b - 3 slices of pizza
 d - a beef jerky
 r - 4 meat rations


   Skills:
 + Level 5.6 Fighting
 - Level 10.1 Axes
 - Level 3.1 Throwing
 - Level 2.6 Dodging
 + Level 4.8 Invocations


You had 8 spell levels left.
You didn't know any spells.

Dungeon Overview and Level Annotations

Branches:
Dungeon (9/15)             Temple (1/1) D:4
   Lair: D:8-11         Orc: D:9-12

Altars:
Ashenzari
Cheibriados
Fedhas
Gozag
Makhleb
Nemelex Xobeh
Qazlal
Ru
Xom
Yredelemnul

Shops:
D:6 ([

Annotations:
D:4 Grinder; Kharon's ghost, average MiFi
D:5 Dowan; Duvessa; Kharon's ghost, experienced HaAs
D:6 Eustachio
D:8 Psyche


Innate Abilities, Weirdness & Mutations

Your body is rotting away.
You thrive on raw meat.
You have sharp fingernails.
You are carnivorous and can eat meat at any time.
Your flesh is cold resistant.
You are immune to negative energy.
Your system is resistant to poisons.
You heal slowly when monsters are visible.
You are immune to unholy pain and torment.
You can survive without breathing.

Vault maps used:
D:1:      ncdulo_wetmaze
D:2:      nicolae_overflow_crystal_walls, lemuel_doored_altar
D:3:      lemuel_upstairs_altar, lemuel_round_altar
D:4:      kennysheep_mini_moat, minmay_temple_entry_trees, serial_forest,
          infiniplex_forest_straight_3, infiniplex_forest_zigzag_1,
          infiniplex_forest_fountain, infiniplex_forest_straight_4,
          infiniplex_forest_zigzag_2, infiniplex_forest_lined_ring, first_bread,
          uniq_grinder, uniq_edmund
D:5:      gammafunk_temple_overflow_wave, uniq_natasha, uniq_duvessa,
          uniq_blork_the_orc
D:6:      serial_shops, shop, nicolae_shop_waterfront, grunt_ministairs_4,
          uniq_eustachio, uniq_sigmund
D:7:      statuecave_lemuel, grunt_qazlal_clouds
D:8:      uniq_psyche, uniq_prince_ribbit1
D:9:      enter_bailey_3, uniq_grum
Temple:   triangle_lava_temple_12


Message History

A rat comes into view.
Your plate armour prevents you from hitting the orc warrior.
The orc warrior is lightly wounded.
The orc wizard casts a spell at you. The magic dart hits you!
You closely miss the orc warrior.
The orc warrior is lightly wounded.
The orc warrior hits you but does no damage.
The orc wizard points at you and mumbles some strange words.
The magic dart hits you!
Unknown command.
The orc warrior closely misses you.
You catch the helpless orc warrior completely off-guard!
You hit the orc warrior.
The orc warrior is moderately wounded.
The orc warrior hits you but does no damage.
The rat bites you but does no damage.
You miss the orc warrior.
The orc warrior is moderately wounded.
You slash the rat!
You kill the rat!
Makhleb accepts your kill. The orc wizard casts a spell at you.
The magic dart hits you!
The orc warrior hits you with a war axe of freezing!
The orc warrior freezes you.
You closely miss the orc warrior.
The orc warrior is moderately wounded.
The orc wizard gestures at you while chanting.
The magic dart hits you!
Unknown command.
You hear the faint creaking of a distant portcullis.
Found 27 stones.
The orc wizard hits you but does no damage.
Your plate armour prevents you from hitting the orc wizard.
The orc wizard is heavily wounded.
Your plate armour prevents you from hitting the orc warrior.
The orc warrior is moderately wounded.
The orc wizard casts a spell at you. You resist with almost no effort.
The orc warrior barely misses you.
Unknown command.
You hit the orc wizard.
The orc wizard is severely wounded.
You hit the orc warrior but do no damage.
The orc warrior is moderately wounded.
The orc wizard casts a spell at you. The magic dart hits you!
The orc warrior hits you with a war axe of freezing.
The orc wizard barely misses you.
You barely miss the orc wizard.
The orc wizard is severely wounded.
You miss the orc warrior.
The orc warrior is lightly wounded.
You flicker for a moment.
The orc wizard barely misses you. The orc warrior closely misses you.
Unknown command.
You miss the orc wizard.
The orc wizard is severely wounded.
You miss the orc warrior.
The orc warrior is lightly wounded.
The orc wizard closely misses you. The orc wizard barely misses you.
The orc warrior hits you with a war axe of freezing!
* * * LOW HITPOINT WARNING * * *
The orc warrior freezes you.
* * * LOW HITPOINT WARNING * * *
Unknown command.
Drink which item? (? for menu, Esc to quit)
You feel agile all of a sudden.
Unknown command.
You miss the orc warrior.
The orc warrior is lightly wounded.
The orc warrior hits you with a war axe of freezing!
* * * LOW HITPOINT WARNING * * *
The orc warrior freezes you.
* * * LOW HITPOINT WARNING * * *
A killer bee comes into view.
You flicker back into view.
The killer bee buzzes angrily.
The orc wizard mumbles some strange words.
The orc wizard blinks! 4 killer bees come into view.
The killer bee buzzes angrily. x3
The killer bee barely misses you. The killer bee stings you.
* * * LOW HITPOINT WARNING * * *
The killer bee stings you but does no damage.
Found 12 gold pieces.
Read which item? (? for menu, Esc to quit)
As you read the scroll of fear, it crumbles to dust.
You assume a fearsome visage.
The orc warrior looks frightened!
The killer bee looks frightened! x5
A kobold comes into view.
You see here 12 gold pieces.
Read which item? (? for menu, Esc to quit)
As you read the scroll labeled XUYWUTHRINK, it crumbles to dust.
You feel strangely unstable.
It was a scroll of teleportation.
The orc wizard is no longer moving quickly.
The orc wizard gestures at you while chanting.
The magic dart hits you!
You die...

#.............##
#....##.......#
#..######....##
#o..# ###...##
##...# ###†)##
#....# ##.(##
#....# ##...
#..$## ###.
#.@## ## ##.# #
### #


You could see an orc wizard.

Table legend:
 A = Kills in this place as a percentage of kills in entire the game.
 B = Kills by you in this place as a percentage of kills by you in the entire game.
 C = Kills by friends in this place as a percentage of kills by friends in the entire game.
 D = Other kills in this place as a percentage of other kills in the entire game.
 E = Experience gained in this place as a percentage of experience gained in the entire game.
 F = Experience gained in this place divided by the number of levels of this place that you have seen.
                   A       B       C       D       E      F
               +-------+-------+-------+-------+-------+----------------------
         Total | 100.0 | 100.0 |  -nan |  -nan | 100.0 | 385.1
       Dungeon | 100.0 | 100.0 |  -nan |  -nan | 100.0 | 427.9
               +-------+-------+-------+-------+-------+----------------------

Vanquished Creatures
  A wyvern (D:9)
  The ghost of Kharon the Sneak, an average HaAs (D:3)
  Edmund (D:4)
  A sky beast (D:5)
  2 ogres
  2 orc warriors
  4 centaurs
  Sigmund (D:6)
  5 giant frogs
  A gnoll sergeant (D:7)
  A water moccasin skeleton (D:7)
  A jelly (D:6)
  A centaur zombie (D:6)
  2 orc priests (D:5)
  5 crimson imps
  A giant frog zombie (D:7)
  2 iguanas (D:7)
  7 hounds
  5 orc wizards
  A worker ant (D:8)
  Natasha (D:4)
  3 gnolls (D:7)
  7 adders
  3 shadow imps
  2 worms (D:3)
  3 giant geckos
  27 orcs
  2 ball pythons
  8 bats
  A bat skeleton (D:7)
  5 giant cockroaches
  9 goblins
  4 hobgoblins
  10 jackals
  6 kobolds
  3 quokkas
  4 giant newts
  An orc zombie (D:7)
  2 quokka skeletons
  13 rats
159 creatures vanquished.

Notes
Turn   | Place    | Note
--------------------------------------------------------------
     0 | D:1      | magipi, the Ghoul Gladiator, began the quest for the Orb.
     0 | D:1      | Reached XP level 1. HP: 17/17 MP: 1/1
   141 | D:1      | Reached XP level 2. HP: 18/24 MP: 2/2
   197 | D:1      | Reached skill level 3 in Axes
   370 | D:2      | Found a sparkling altar of Nemelex Xobeh.
   427 | D:2      | Reached XP level 3. HP: 25/29 MP: 3/3
   517 | D:2      | Found a burning altar of Makhleb.
   551 | D:2      | Became a worshipper of Makhleb the Destroyer
   851 | D:3      | Reached XP level 4. HP: 33/36 MP: 3/3
   988 | D:3      | Noticed Kharon's ghost (average HaAs)
  1023 | D:4      | Found a staircase to the Ecumenical Temple.
  1032 | Temple   | Entered the Ecumenical Temple
  1186 | D:3      | Reached skill level 4 in Axes
  1282 | D:3      | Killed Kharon's ghost
  1282 | D:3      | Reached skill level 5 in Axes
  1282 | D:3      | Reached XP level 5. HP: 22/40 MP: 4/4
  1357 | D:3      | Noticed a giant frog
  1376 | D:3      | Killed a giant frog
  1376 | D:3      | Acquired Makhleb's first power
  1376 | D:3      | Reached XP level 6. HP: 28/48 MP: 5/5
  1544 | D:4      | Noticed an ice beast
  1551 | D:4      | Noticed Kharon's ghost (average MiFi)
  1677 | D:5      | Entered Level 5 of the Dungeon
  1679 | D:5      | Noticed Duvessa
  1679 | D:5      | Noticed Dowan
  1681 | D:5      | Noticed Natasha
  1776 | D:4      | Noticed Edmund
  1869 | D:4      | Killed Edmund
  1869 | D:4      | Reached skill level 6 in Axes
  1890 | D:4      | Noticed an ogre
  1905 | D:4      | Killed an ogre
  1905 | D:4      | Reached XP level 7. HP: 17/55 MP: 5/5
  1927 | D:4      | Found a basalt altar of Yredelemnul.
  1990 | D:5      | Noticed Kharon's ghost (experienced HaAs)
  1999 | D:4      | Killed Natasha
  2024 | D:4      | Reached skill level 7 in Axes
  2294 | D:5      | Acquired Makhleb's second power
  2308 | D:4      | Noticed Grinder
  2308 | D:4      | Paralysed by Grinder for 4 turns
  2366 | D:5      | Reached skill level 8 in Axes
  2366 | D:5      | Reached XP level 8. HP: 43/61 MP: 3/6
  2494 | D:6      | Noticed Sigmund
  2503 | D:6      | Killed Sigmund
  2584 | D:6      | Found Guepikat's Antique Armour Emporium.
  2593 | D:6      | Found Styelo's Antique Weapon Boutique.
  2624 | D:6      | Bought a runed war axe for 108 gold pieces
  2683 | D:6      | Reached skill level 9 in Axes
  3145 | D:6      | Noticed Eustachio
  3217 | D:7      | Reached skill level 10 in Axes
  3261 | D:7      | Acquired Makhleb's third power
  3294 | D:7      | Reached XP level 9. HP: 57/68 MP: 7/7
  3358 | D:7      | Reached skill level 1 in Invocations
  3543 | D:7      | Found a stormy altar of Qazlal.
  4011 | D:8      | Noticed Psyche
  4084 | D:8      | Acquired Makhleb's fourth power
  4131 | D:8      | Got a flickering golden ring
  4132 | D:8      | Identified the ring "Xim Mywe" {rC+ MR+ Dex+2} (You found it on level 8 of the Dungeon)
  4277 | D:8      | Reached skill level 5 in Fighting
  4368 | D:8      | Noticed an orange demon
  4445 | D:9      | HP: 1/75 [killer bee (4)]
  4454 | D:9      | Killed from afar by an orc wizard

Action                   |  1- 3 |  4- 6 |  7- 9 || total
-------------------------+-------+-------+-------++-------
Melee: War axe           |   116 |    84 |   473 ||   673
Throw: Throwing net      |     1 |     5 |       ||     6
       Javelin           |       |     8 |     9 ||    17
Invok: Lesser Servant of |       |       |     1 ||     1
  Use: Scroll            |       |     6 |     7 ||    13
       Potion            |       |       |     6 ||     6
 Stab: Held in net/web   |     1 |     1 |       ||     2
       Invisible         |       |       |     3 ||     3
  Eat: Chunk             |    12 |    16 |    45 ||    73

Action                   |  1- 3 |  4- 6 |  7- 9 || total
-------------------------+-------+-------+-------++-------
Melee: War axe           |   116 |    84 |   473 ||   673
Throw: Throwing net      |     1 |     5 |       ||     6
       Javelin           |       |     8 |     9 ||    17
Invok: Lesser Servant of |       |       |     1 ||     1
  Use: Scroll            |       |     6 |     7 ||    13
       Potion            |       |       |     6 ||     6
 Stab: Held in net/web   |     1 |     1 |       ||     2
       Invisible         |       |       |     3 ||     3
  Eat: Chunk             |    12 |    16 |    45 ||    73

Action                   |  1- 3 |  4- 6 |  7- 9 || total
-------------------------+-------+-------+-------++-------
Melee: War axe           |   116 |    84 |   473 ||   673
Throw: Throwing net      |     1 |     5 |       ||     6
       Javelin           |       |     8 |     9 ||    17
Invok: Lesser Servant of |       |       |     1 ||     1
  Use: Scroll            |       |     6 |     7 ||    13
       Potion            |       |       |     6 ||     6
 Stab: Held in net/web   |     1 |     1 |       ||     2
       Invisible         |       |       |     3 ||     3
  Eat: Chunk             |    12 |    16 |    45 ||    73
